Map: Temple of the Past

Players

NamroodTuo

  • Race: Zerg Zerg

Desztiny

  • Race: Terran Terran
  • Spawn Location: 0:00

VOD

Have the link to the VOD?

Description

Time

  • Played on: Jan. 14, 2023, 2:59 p.m.
  • Length: 26:28
Show
View Real Time Build Order
Export as new Build Order

NamroodTuo Zerg 

Build Orders:  

Get SALT Encoding   

  12  0:06  Infested SCV  
  13  0:12  Infested SCV  
  13  0:18  Infested SCV  
  15  0:35  Infested Barracks  
  15  0:48  Overlord  
  15  1:01  Overlord  
  15  1:14  Infested SCV  
  15  1:15  Infested SCV  
  17  1:23  Infested SCV  
  18  1:38  Infested Marine  
  19  1:47  Infested SCV  
  19  1:49  Infested Engineering Bay  
  20  1:54  Infested Refinery  
  20  1:57  Infested SCV, Infested Refinery  
  21  2:02  Infested Marine  
  21  2:03  Infested Marine  
  21  2:04  Infested Marine  
  21  2:05  Infested Marine  
  25  2:10  Overlord  
  25  2:25  Infested SCV  
  26  2:44  Infested Barracks Tech Lab  
  26  3:05  Infested SCV x2  
  26  3:09  Infested Marine x3  
  31  3:10  Infested Marine x4  
  31  3:11  Infested Marine x2  
  31  3:17  Stukov Infantry Weapons Level 1  
  36  3:34  Infested Factory  
  32  4:03  Infested Bunker  
  32  4:05  Retinal Augmentation  
  32  4:07  Infested Marine  
  32  4:08  Infested Marine x2  
  37  4:35  Infested Armory  
  37  4:42  Infested SCV x2  
  37  4:45  Overlord  
  32  5:00  Infested SCV  
  32  5:03  Overlord  
  32  5:04  Infested SCV  
  31  5:37  Infested SCV x2  
  33  5:50  Infested SCV  
  33  5:57  Stukov Infantry Armor Level 1  
  34  6:09  Infested Bunker  
  38  6:23  Infested Marine x5  
  38  6:24  Infested Marine x5  
  48  6:36  Infested Marine x2  
  50  6:47  Infested Barracks  
  48  6:55  Infested Barracks  
  38  7:45  Infested SCV x2  
  38  7:46  Infested SCV x2  
  38  7:48  Overlord  
  42  7:58  Infested Marine  
  42  7:59  Infested Marine x12  
  55  8:28  Infested Marine x2  
  55  8:29  Infested Marine x6  
  63  8:49  Overlord  
  63  8:50  Overlord x3  
  63  9:15  Infested Command Center  
  63  9:27  Infested Marine  
  63  9:28  Infested Marine x8, Infested Bunker  
  63  9:54  Infested Marine  
  63  9:55  Infested Marine x16  
  63  9:56  Infested Marine x6  
  78  10:04  Infested Marine  
  78  10:05  Infested Marine x6  
  72  10:45  Infested Bunker  
  65  11:13  Stukov Infantry Weapons Level 2  
  65  11:37  Infested Marine  
  65  11:38  Infested Marine x20  
  71  11:51  Infested Marine  
  71  11:52  Infested Marine x11  
  71  11:53  Infested Marine x3  
  86  12:06  Infested SCV x3  
  89  12:16  Infested SCV x2  
  89  12:19  Infested SCV  
  92  12:25  Infested SCV  
  93  12:38  Infested Marine  
  93  12:39  Infested Marine x12  
  106  12:59  Infested SCV x3  
  109  13:02  Infested SCV  
  109  13:07  Overlord x3  
  110  13:18  Infested SCV  
  74  13:40  Infested Marine  
  74  13:41  Infested Marine x18  
  74  13:42  Infested Marine x11  
  103  14:11  Infested Marine x8  
  103  14:12  Infested Marine x10  
  113  14:22  Infested Bunker  
  113  14:23  Stukov Infantry Armor Level 2  
  106  14:43  Infested SCV  
  106  14:44  Infested SCV x3  
  110  14:58  Infested Bunker  
  112  15:04  Infested SCV x2  
  114  15:15  Infested Bunker  
  118  15:28  Infested Bunker  
  101  15:56  Infested Marine  
  101  15:57  Infested Marine x9  
  101  15:58  Infested Marine x9  
  98  16:09  Infested Marine  
  99  16:10  Infested Marine x14  
  116  16:44  Infested Bunker  
  120  16:51  Infested Bunker  
  124  17:05  Infested Bunker  
  123  17:27  Infested Marine x3  
  123  17:28  Infested Marine x9  
  102  17:53  Infested Bunker  
  104  18:17  Infested Bunker  
  104  18:23  Infested Bunker  
  104  18:28  Infested Marine  
  104  18:29  Infested Marine x19  
  124  18:50  Infested Bunker  
  119  19:09  Infested Marine  
  109  19:10  Infested Marine x11  
  109  19:11  Infested Marine x13  
  109  19:15  Overlord x8  
  121  19:21  Stukov Infantry Weapons Level 3  
  112  19:34  Infested Marine x3  
  112  19:35  Infested Marine x12  
  98  20:06  Infested Missile Turret x2  
  87  20:12  Infested Marine  
  87  20:13  Infested Marine x21  
  87  20:14  Infested Marine  
  106  20:34  Infested Marine x8  
  106  20:35  Infested Marine x5  
  106  20:36  Infested Marine  
  105  20:53  Infested Missile Turret  
  89  21:12  Infested Marine  
  89  21:13  Infested Marine x19  
  89  21:14  Infested Marine x2  
  108  21:22  Infested Missile Turret  
  82  21:51  Infested Missile Turret  
  82  21:57  Infested Marine  
  82  21:58  Infested Marine x17  
  82  21:59  Infested Marine x10  
  103  22:18  Infested Bunker  
  102  22:30  Infested Marine  
  102  22:31  Infested Marine x18  
  121  22:52  Infested Marine  
  121  22:53  Infested Marine x12  
  133  23:20  Infested Marine x5  
  133  23:21  Infested Marine x12  
  120  23:57  Infested Marine x2  
  120  23:58  Infested Marine x20  
  126  24:13  Infested Marine  
  126  24:14  Infested Marine x9  
  107  24:26  Infested Marine x6  
  107  24:27  Infested Marine  
  110  24:37  Infested Marine x6  
  96  24:51  Infested Marine  
  96  24:52  Infested Marine x8  
  91  25:10  Infested Marine  
  91  25:11  Infested Marine x11  
  81  25:43  Infested Marine  
  81  25:44  Infested Marine x19  
  83  26:00  Infested Marine x2  
  83  26:01  Infested Marine x8  
Show
View Real Time Build Order
Export as new Build Order

Desztiny Terran 

Build Orders:  

Get SALT Encoding   

  12  0:04  SCV  
  13  0:27  Supply Depot  
  13  0:30  SCV  
  14  0:47  SCV  
  15  0:59  Supply Depot  
  15  1:04  SCV  
  16  1:21  SCV  
  17  1:32  Supply Depot  
  17  1:38  SCV  
  18  1:55  SCV  
  19  2:07  Refinery  
  19  2:12  SCV  
  20  2:29  SCV  
  21  2:43  Refinery  
  21  2:46  SCV  
  22  3:03  SCV  
  23  3:15  Barracks  
  23  3:20  SCV  
  24  3:37  SCV  
  24  3:39  Unknown  
  25  3:53  SCV  
  25  3:54  Engineering Bay  
  25  3:59  Barracks Tech Lab  
  26  4:10  SCV  
  27  4:27  SCV  
  28  4:30  Engineering Bay  
  28  4:33  Terran Infantry Weapons Level 1  
  28  4:43  Marine  
  28  4:44  SCV  
  30  4:55  Marine  
  31  5:01  SCV  
  31  5:08  Marine  
  33  5:10  Supply Depot  
  33  5:14  Terran Infantry Armor Level 1  
  33  5:20  Marine  
  33  5:29  Unknown  
  34  5:32  Marine  
  35  5:42  Supply Depot  
  35  5:49  Marine  
  36  5:53  SCV  
  37  6:01  Marine  
  38  6:10  SCV  
  38  6:14  Marine  
  38  6:16  Supply Depot  
  40  6:23  Neosteel Frame  
  40  6:26  Marine, Factory  
  40  6:27  SCV  
  42  6:38  Marine  
  43  6:44  SCV, Command Center  
  43  6:47  Supply Depot  
  44  7:00  SCV  
  45  7:17  SCV, Refinery  
  45  7:18  Supply Depot  
  46  7:34  SCV  
  47  7:40  Factory Tech Lab  
  47  7:41  Armory  
  47  7:51  SCV  
  47  7:53  Supply Depot  
  47  7:54  Structure Armor  
  47  7:55  Barracks  
  48  8:08  SCV  
  49  8:11  Refinery  
  49  8:25  SCV  
  50  8:33  Barracks  
  50  8:36  Medic  
  52  8:42  SCV  
  52  8:48  Armory  
  52  8:49  Medic  
  55  9:01  Medic  
  57  9:14  Medic  
  59  10:23  Bunker  
  59  10:37  Marine x2  
  59  10:38  Marine  
  62  10:46  Bunker  
  62  10:49  Marine  
  62  10:50  Marine x2  
  65  11:02  Marine x3  
  65  11:07  Bunker  
  68  11:14  Marine  
  68  11:15  Marine x2  
  71  11:27  Marine x3  
  74  12:18  Bunker  
  74  12:39  Bunker  
  69  13:05  Bunker  
  62  13:38  Medic  
  62  13:46  Barracks Reactor  
  62  13:47  Barracks Reactor  
  62  13:50  Medic  
  60  14:02  SCV x2  
  60  14:03  Medic  
  64  14:15  Medic  
  64  14:19  SCV x2  
  68  14:25  Terran Vehicle and Ship Weapons Level 1  
  68  14:27  Terran Vehicle And Ship Armor Level 1  
  68  14:28  Medic  
  88  14:30  Terran Infantry Weapons Level 2  
  70  14:31  Terran Infantry Armor Level 2  
  70  14:35  Siege Tank  
  70  14:36  SCV x2  
  75  14:50  Starport  
  75  14:53  SCV x2  
  75  14:58  Siege Tank  
  92  15:10  SCV x2  
  82  15:20  Siege Tank  
  85  15:42  Siege Tank  
  85  15:44  Starport  
  85  15:46  Marine  
  85  15:47  Marine x4  
  93  15:58  Marine  
  93  15:59  Marine x4  
  94  16:05  Siege Tank  
  101  16:11  Marine  
  101  16:15  Missile Turret  
  102  16:38  Supply Depot  
  102  16:40  Barracks  
  102  16:43  Missile Turret  
  102  17:07  Marine x5  
  107  17:10  Supply Depot  
  107  17:13  Missile Turret  
  107  17:16  Barracks  
  107  17:20  Marine x3  
  110  17:37  Marine  
  108  17:42  Missile Turret, Supply Depot  
  108  17:49  Marine  
  100  17:52  Barracks  
  99  18:15  Supply Depot  
  99  18:19  Missile Turret  
  98  18:21  Marine  
  98  18:22  Marine x4  
  98  18:24  Siege Tank  
  103  18:34  Marine x3  
  103  18:35  Marine x2  
  108  18:46  Marine, Supply Depot  
  108  18:47  Marine x4  
  113  18:55  Barracks Tech Lab  
  113  18:59  Marine x5  
  111  19:09  Barracks Tech Lab  
  115  19:12  Marine  
  115  19:19  Supply Depot  
  116  19:23  Barracks Reactor  
  116  19:36  Starport Tech Lab  
  116  19:39  Starport Reactor  
  116  19:51  Supply Depot  
  116  20:04  Medic x3  
  116  20:06  Marine  
  116  20:07  Marine x3  
  126  20:16  Medic  
  126  20:17  Medic x2  
  126  20:19  Marine x2  
  123  20:20  Marine x2  
  133  20:27  Supply Depot  
  133  20:28  Medic  
  133  20:29  Medic x2  
  138  20:31  Marine  
  138  20:32  Marine x3  
  146  20:41  Medic  
  146  20:42  Medic x2  
  146  20:44  Marine x4  
  146  20:46  Refinery  
  156  20:53  Medic  
  156  20:57  Medic x2  
  156  20:59  Supply Depot  
  162  21:08  Marine  
  137  21:30  SCV  
  137  21:32  Supply Depot  
  134  21:45  Bunker  
  134  21:47  SCV  
  135  21:52  Medic  
  135  21:53  Medic x2  
  135  21:55  Marine x6  
  147  22:04  SCV, Supply Depot  
  147  22:05  Medic  
  147  22:06  Medic x2  
  147  22:07  Bunker, Marine  
  147  22:08  Marine x5  
  160  22:17  Medic  
  160  22:18  Medic x2  
  160  22:19  Marine  
  166  22:20  Marine x5  
  166  22:21  SCV  
  166  22:25  Terran Infantry Armor Level 3  
  166  22:27  Terran Infantry Weapons Level 3  
  173  22:30  Medic x3, Siege Tank  
  173  22:32  Bunker  
  173  22:33  Marine x6, Supply Depot  
  173  22:38  SCV  
  189  22:53  Bunker  
  189  23:03  Medic x3, Siege Tank  
  189  23:06  Supply Depot  
  198  23:35  Marine x2  
  198  23:38  Supply Depot  
  200  23:45  Missile Turret  
  200  24:02  Marine x2  
  200  24:04  Marine x2  
  200  24:05  Marine x2  
  200  24:08  Marine  
  199  24:11  Supply Depot  
  199  24:12  Missile Turret  
  199  24:15  Marine x2  
  199  24:17  Marine x2  
  199  24:18  Marine x2  
  185  24:21  Marine  
  185  24:27  Marine x2  
  185  24:29  Marine x2  
  165  24:30  Marine x2  
  165  24:33  Marine  
  165  24:39  Marine x2  
  159  24:40  Missile Turret  
  159  24:41  Marine x2  
  159  24:43  Marine x2  
  159  24:46  Marine  
  164  24:58  Marine  
  164  25:08  Missile Turret  
  163  25:36  Missile Turret  
  155  25:51  Marine  
  155  25:52  Marine x8  
Tags
 
Add a new tag
Caveats
  • Supply blocks, unpowered buildings, or Contaminate may cause inaccurate times.
  • Supply counts are checked every 10 seconds.